 Dungeon Crawl Stone Soup version 0.28.0-53-g5a82cb258f (webtiles) character file.

Game seed: 2807512777014502673

85 Peloso the Shield-Bearer (level 4, 0/41 HPs)
             Began as a Minotaur Fighter on June 11, 2022.
             Slain by Robin
             ... wielding a +0 spear
              (4 damage)
             ... on level 3 of the Dungeon.
             The game lasted 00:02:42 (2106 turns).

Peloso the Shield-Bearer (Minotaur Fighter)         Turns: 2106, Time: 00:02:43

Health: 0/41       AC:  7    Str: 21    XL:     4   Next: 25%
Magic:  3/3        EV:  9    Int:  5    God:
Gold:   58         SH:  5    Dex: 11    Spells: 3/3 levels left

rFire   . . .      SeeInvis .   a - +0 long sword
rCold   . . .      Faith    .   c - +0 buckler
rNeg    . . .      Spirit   .   b - +0 scale mail
rPois   .          Reflect  .   (helmet restricted)
rElec   .          Harm     .   (no cloak)
rCorr   .          Rampage  .   (no gloves)
Will    .....                   (no boots)
Stlth   ..........              (no amulet)
HPRegen 0.13/turn               (no ring)
MPRegen 0.08/turn               (no ring)

@: lethally poisoned (0 -> -7), attractive
A: horns 2, retaliatory headbutt
a: no special abilities


You were on level 3 of the Dungeon.
You visited 1 branch of the dungeon, and saw 3 of its levels.

You collected 58 gold pieces.

Inventory:

Hand Weapons
 a - a +0 long sword (weapon)
Armour
 b - a +0 scale mail (worn)
 c - a +0 buckler (worn)
Scrolls
 e - a scroll of magic mapping {unknown}
 g - a scroll of immolation {unknown}
Potions
 d - a potion of might
 f - a potion of attraction


   Skills:
 + Level 4.3 Fighting
 + Level 3.7 Long Blades
 + Level 4.2 Armour
 + Level 4.4 Shields


You had 3 spell levels left.
You didn't know any spells.
Your spell library contained the following spells:

 Spells                   Type           Power      Damage    Failure   Level
 Corpse Rot               Necr/Air       0%         N/A       95%         2
 Poisonous Vapours        Pois/Air       0%         N/A       95%         2


Dungeon Overview and Level Annotations

Branches:
Dungeon (3/15)

Altars:

Annotations:
D:3 Robin


Innate Abilities, Weirdness & Mutations

You have a pair of horns on your head.
You reflexively headbutt those who attack you in melee.


Message History

The goblin hits you with a +0 dagger.
It was a potion of attraction.
You feel attractive to monsters.
You feel very sick.
The goblin hits you but does no damage. x2
You are lethally poisoned!
You barely miss the goblin. You headbutt the goblin.
You kill the goblin!
You feel extremely sick.
The hobgoblin no longer looks unusually strong.
The goblin closely misses you. You furiously retaliate!
You headbutt the goblin.
You kill the goblin!
You slash the hobgoblin!
You kill the hobgoblin!
You feel very sick.
The goblin no longer looks unusually strong.
A rat comes into view.
Robin throws the goblin at you! The goblin barely misses you.
You furiously retaliate!
You headbutt the goblin. The goblin barely misses you.
Robin is attracted toward you.
You barely miss the goblin.
The goblin is severely wounded.
* * * LOW HITPOINT WARNING * * *
You feel very sick. Robin barely misses you. The goblin closely misses you.
The goblin hits you with a +0 dagger.
* * * LOW HITPOINT WARNING * * *
You barely miss the goblin.
The goblin is severely wounded.
* * * LOW HITPOINT WARNING * * *
You feel very sick. Robin closely misses you.
The goblin hits you but does no damage. x2
Unknown command.
You closely miss the goblin.
The goblin is severely wounded.
* * * LOW HITPOINT WARNING * * *
You feel sick.
Robin hits you from afar with a +0 spear.
You die...

#....# .. #.g.g#
... #.gg.# ..[.
###g.g ....
#...g##..##
#..g.<....## #
#............
#.#####g.....>...
#..g@ggg.........
#######..........
#..........
....#..####
####.#.... .#.###
.#


You could see Robin, 2 hobgoblins and 2 goblins.

Vanquished Creatures
  An adder (D:2)
  2 worms (D:2)
  A dart slug (D:1)
  4 ball pythons
  5 bats
  7 endoplasms
  3 giant cockroaches
  8 goblins
  8 hobgoblins
  3 jackals (D:2)
  A kobold (D:1)
  4 quokkas
  7 frilled lizards
  8 rats
62 creatures vanquished.

Vanquished Creatures (others)
  An endoplasm (D:2)
1 creature vanquished.

Grand Total: 63 creatures vanquished

Notes
Turn   | Place    | Note
-------+----------+-------------------------------------------
     0 | D:1      | Peloso the Minotaur Fighter began the quest for the Orb.
     0 | D:1      | Reached XP level 1. HP: 19/19 MP: 0/0
   148 | D:1      | Reached XP level 2. HP: 25/27 MP: 1/1
   517 | D:1      | Reached XP level 3. HP: 33/33 MP: 2/2
  1426 | D:2      | Reached XP level 4. HP: 28/40 MP: 3/3
  2085 | D:3      | Noticed Robin
  2106 | D:3      | Slain by Robin

Illustrated notes

Levels and vault maps discovered:
D:1:      onia_arrival_pentagram, layout_basic, minmay_stone_trees_small
D:2:      minmay_angry_zag, layout_basic, lemuel_old_faithful
D:3:      layout_basic, nicolae_yredelemnul_corpse_copse,
          nicolae_ecumenical_pavilion, cheibrodos_sewer_entry_bend,
          grunt_decor_arrowhead, chequers_garden, minmay_misc_feat_doors,
          corexii_corridor_pit, uniq_sigmund, uniq_robin

Skill      XL: |  1  2  3 |
---------------+----------+-----
Fighting       | 4 |  4.3
Shields        | 4 |  4.4
Long Blades    | 3 |  3.7
Armour         | 4 |  4.2

Action                   |  1- 3 |  4- 6 || total
-------------------------+-------+-------++-------
Melee: Long sword        |   108 |    25 ||   133
       Headbutt          |     9 |     3 ||    12
  Use: Scroll            |     2 |       ||     2
       Potion            |       |     1 ||     1
Armor: Scale mail        |    68 |    13 ||    81
Dodge: Dodged            |    56 |    14 ||    70
Block: Buckler           |    27 |     3 ||    30
